 Dungeon Crawl Stone Soup version 0.27.1-34-g3ba077fa99 (webtiles) character file.

Game seed: 16983557324387854633

66 cbfl8 the Skirmisher (level 3, -2/31 HPs)
             Began as a Minotaur Wanderer on Jan 17, 2022.
             Was an Initiate of Yredelemnul.
             Slain by Terence (6 damage)
             ... on level 2 of the Dungeon.
             The game lasted 00:03:56 (2832 turns).

cbfl8 the Skirmisher (Minotaur Wanderer)            Turns: 2832, Time: 00:03:57

Health: -2/31      AC:  6    Str: 15    XL:     3   Next: 96%
Magic:  3/3        EV: 10    Int:  9    God:    Yredelemnul [......]
Gold:   187        SH:  0    Dex: 11    Spells: 4/4 levels left

rFire    . . .     SeeInvis .   a - +0 club
rCold    . . .     Faith    .   (no shield)
rNeg     . . .     Spirit   .   b - +0 ring mail
rPois    .         Reflect  .   (helmet restricted)
rElec    .         Harm     .   (no cloak)
rCorr    .         Rampage  .   l - +0 pair of gloves
Will     .....                  (no boots)
Stlth    +.........             (no amulet)
HPRegen  0.10/turn              (no ring)
MPRegen  0.08/turn              (no ring)

@: no status effects
A: horns 2, retaliatory headbutt
a: Renounce Religion


You were on level 2 of the Dungeon.
You worshipped Yredelemnul.
Yredelemnul was noncommittal.
You visited 1 branch of the dungeon, and saw 3 of its levels.

You collected 187 gold pieces.

Inventory:

Hand Weapons
 a - a +0 club (weapon)
 c - a +0 dagger
Armour
 b - a +0 ring mail (worn)
 l - a +0 pair of gloves (worn)
Scrolls
 h - a scroll of amnesia {unknown}
 j - 2 scrolls of identify {unknown}
 k - a scroll of brand weapon {unknown}
Potions
 d - a potion of curing {unknown}
 e - a potion of mutation {unknown}
 f - a potion of magic {unknown}
 g - a potion of degeneration {unknown}
 i - a potion of attraction {unknown}


   Skills:
 + Level 3.0 Fighting
 + Level 1.9 Maces & Flails
 + Level 1.1 Crossbows
 + Level 2.8 Armour
 + Level 0.6 Dodging
 + Level 2.0 Stealth
 + Level 1.0 Spellcasting
 + Level 2.1 Poison Magic


You had 4 spell levels left.
You didn't know any spells.
Your spell library contained the following spells:

 Spells                   Type           Power      Damage    Failure   Level
 Sting                    Tmut/Pois      8%         1d3       41%         1
 Foxfire                  Conj/Fire      0%         2x1d4     56%         1
 Sandblast                Erth           0%         2d4       56%         1
 Poisonous Vapours        Pois/Air       4%         N/A       56%         2
 Ignite Poison            Fire/Tmut/Pois 1%         N/A       85%         3
 Mephitic Cloud           Conj/Pois/Air  1%         N/A       85%         3
 Conjure Flame            Conj/Fire      0%         6-21      91%         3
 Inner Flame              Hex/Fire       0%         N/A       91%         3
 Stone Arrow              Conj/Erth      0%         3d7       91%         3
 Olgreb's Toxic Radiance  Pois           4%         N/A       96%         4
 Sticky Flame             Conj/Fire      0%         2d3       100%        4


Dungeon Overview and Level Annotations

Branches:
Dungeon (3/15)

Altars:
Ashenzari
Dithmenos
Gozag
Yredelemnul
Zin

Annotations:
D:2 Terence


Innate Abilities, Weirdness & Mutations

You have a pair of horns on your head.
You reflexively headbutt those who attack you in melee.


Message History

You hit Terence but do no damage. Your headbutt misses Terence.
Terence is lightly wounded.
Terence hits you but does no damage. Terence barely misses you.
You furiously retaliate!
You headbutt Terence, but do no damage. You hit Terence but do no damage.
You headbutt Terence, but do no damage.
Terence is lightly wounded.
Terence hits you with a +0 short sword.
You hit Terence but do no damage.
Terence is lightly wounded.
Terence hits you with a +0 short sword!
* * * LOW HITPOINT WARNING * * *
You barely miss Terence.
Terence is lightly wounded.
Terence closely misses you.
You completely miss Terence.
Terence is lightly wounded.
Terence hits you but does no damage.
You barely miss Terence. You headbutt Terence!
Terence is moderately wounded.
Terence hits you but does no damage. Terence closely misses you.
You barely miss Terence.
Terence is moderately wounded.
Terence hits you with a +0 short sword.
* * * LOW HITPOINT WARNING * * *
You hit Terence but do no damage. You headbutt Terence, but do no damage.
Terence is moderately wounded.
Terence closely misses you.
Unknown command.
You hit Terence.
Terence is severely wounded.
Terence misses you.
Unknown command.
You hit Terence but do no damage.
Terence is severely wounded.
Terence barely misses you.
You hit Terence but do no damage.
Terence is heavily wounded.
Terence hits you with a +0 short sword.
You die...
Your body rises from the dead as a mindless zombie.

#.....##.# #.#..#
#.....##.# #.#.##
####..##.# #.#.##
#..##.# #....# #..##.#
#.....
#..##.########...#
#..##.##........##
#@.##.##.####...##
#####@.##<##.###.....#
#.....................
#......#########.....#
#.._...## ##...##
#.......##########)###
#.....................
#.......##########....
######### #####


You could see Terence.

Vanquished Creatures
  A gnoll (D:1)
  A dart slug (D:2)
  3 endoplasms
  2 giant cockroaches
  3 goblins
  3 hobgoblins
  12 jackals
  2 kobolds (D:1)
  3 quokkas (D:1)
  A ball python (D:2)
  7 bats
  3 frilled lizards
  8 rats
49 creatures vanquished.

Vanquished Creatures (others)
  5 toadstools (D:1)
5 creatures vanquished.

Grand Total: 54 creatures vanquished

Notes
Turn   | Place    | Note
-------+----------+-------------------------------------------
     0 | D:1      | cbfl8 the Minotaur Wanderer began the quest for the Orb.
     0 | D:1      | cbfl8 set off with the following items: a +0 club, a +0
                  | ring mail, a +0 dagger; and the following spells available
                  | to memorise: Sting, Sandblast, Poisonous Vapours, Mephitic
                  | Cloud, Stone Arrow, Olgreb's Toxic Radiance
     0 | D:1      | Reached XP level 1. HP: 18/18 MP: 1/1
   290 | D:1      | Reached XP level 2. HP: 25/25 MP: 2/2
   847 | D:1      | Reached XP level 3. HP: 27/30 MP: 3/3
  1484 | D:2      | Reached skill level 1 in Maces & Flails
  1594 | D:2      | Found a faded altar of an unknown god.
  1597 | D:2      | Became a worshipper of Gozag Ym Sagoz the Greedy
  1987 | D:2      | Reached skill level 3 in Fighting
  2301 | D:2      | Found a glowing silver altar of Zin.
  2466 | D:3      | Found a glowing silver altar of Zin.
  2466 | D:3      | Found a broken altar of Ashenzari.
  2466 | D:3      | Found a basalt altar of Yredelemnul.
  2466 | D:3      | Found a shadowy altar of Dithmenos.
  2500 | D:3      | Fell from the grace of Gozag
  2500 | D:3      | Became a worshipper of Yredelemnul the Dark
  2814 | D:2      | Noticed Terence
  2832 | D:2      | Slain by Terence

Illustrated notes

Levels and vault maps discovered:
D:1:      ldierk_walled_garden, layout_loops_ring
D:2:      layout_loops_ring, basic_altar,
          hellmonk_ecumenical_altar_inner_sanctum, kennysheep_crisscross,
          uniq_terence
D:3:      layout_loops_ring, mainiacjoe_overflow_cross_hatched,
          grunt_temple_overflow_open, uniq_jessica

Skill      XL: |  1  2  3 |
---------------+----------+-----
Poison Magic   | 2 |  2.1
Maces & Flails | 1 |  1.9
Stealth        | 2 |  2.0
Fighting       | 3 |  3.0
Crossbows      | |  1.1
Armour         | |  2.8
Dodging        | |  0.6
Spellcasting   | |  1.0

Action                   || total
-------------------------++-------
Melee: Club              ||   128
       Headbutt          ||    20
 Stab: Distracted        ||     1
Armor: Ring mail         ||    96
Dodge: Dodged            ||    95
